Map: [ESL] Data-C

Players

Zoun

  • Race: Protoss Protoss
  • Spawn Location: 3:00

HeroMarine - Winner!

  • Race: Terran Terran
  • Spawn Location: 9:00

Event: DreamHack SC2 Masters 2022 Atlanta (Offline)

VOD

Have the link to the VOD?

Description

Time

  • Played on: Nov. 18, 2022, 5:24 p.m.
  • Length: 12:36

All games in this series

Show
View Real Time Build Order
Export as new Build Order

Zoun Protoss 

Build Orders: 1 Gate Expand, Phoenix Opening, Colossus Rush 

Get SALT Encoding   

  12  0:00  Probe  
  13  0:12  Probe  
  14  0:18  Pylon  
  14  0:24  Probe (Chrono Boost)  
  15  0:36  Probe (Chrono Boost)  
  15  0:37  Gateway  
  16  0:45  Probe (Chrono Boost)  
  16  0:46  Assimilator  
  17  0:51  Probe  
  18  1:03  Probe  
  19  1:15  Probe  
  20  1:24  Cybernetics Core  
  20  1:32  Nexus  
  20  1:35  Probe  
  21  1:43  Pylon  
  21  1:48  Probe  
  21  1:50  Assimilator  
  22  1:59  Stalker (Chrono Boost)  
  22  2:00  Probe  
  25  2:12  Probe  
  26  2:24  Probe  
  26  2:28  Adept, Stargate  
  29  2:35  Shield Battery  
  29  2:36  Probe  
  30  2:37  Warp Gate  
  30  2:47  Probe (Chrono Boost)  
  30  2:49  Probe (Chrono Boost)  
  34  2:58  Adept, Probe (Chrono Boost)  
  34  2:59  Probe (Chrono Boost)  
  34  3:03  Probe x2 (Chrono Boost)  
  38  3:10  Phoenix (Chrono Boost)  
  40  3:15  Probe  
  40  3:18  Probe, Pylon  
  42  3:26  Phoenix  
  42  3:33  Probe  
  45  3:35  Gateway  
  45  3:40  Probe  
  45  3:46  Probe  
  45  3:48  Pylon  
  46  3:50  Robotics Facility  
  46  3:53  Phoenix (Chrono Boost)  
  48  3:57  Probe  
  48  4:01  Probe  
  50  4:04  Pylon  
  50  4:09  Probe  
  51  4:13  Probe, Assimilator  
  52  4:17  Assimilator  
  52  4:21  Probe  
  50  4:25  Probe  
  47  4:32  Phoenix  
  47  4:33  Probe  
  47  4:37  Probe  
  51  4:46  Probe (Chrono Boost)  
  51  4:50  Probe (Chrono Boost)  
  53  4:54  Robotics Bay  
  53  4:55  Observer  
  55  5:02  Probe (Chrono Boost)  
  55  5:03  Phoenix  
  55  5:04  Probe (Chrono Boost)  
  58  5:11  Probe  
  58  5:13  Probe  
  60  5:16  Nexus  
  60  5:19  Pylon  
  60  5:25  Probe  
  60  5:27  Probe  
  62  5:37  Colossus (Chrono Boost), Probe  
  62  5:41  Extended Thermal Lance  
  69  5:45  Probe, Pylon  
  70  5:56  Probe  
  71  5:59  Sentry  
  71  6:00  Shield Battery, Zealot  
  71  6:01  Phoenix  
  77  6:10  Twilight Council  
  77  6:11  Forge  
  77  6:12  Probe x2  
  79  6:24  Probe x2  
  81  6:27  Colossus (Chrono Boost)  
  87  6:34  Probe  
  87  6:36  Probe x2  
  87  6:39  Pylon  
  90  6:41  Charge (Chrono Boost)  
  90  6:42  Protoss Ground Weapons Level 1 (Chrono Boost)  
  90  6:43  Observer  
  90  6:46  Probe  
  91  6:48  Probe x2  
  91  6:49  Gateway  
  93  6:58  Probe  
  93  6:59  Gateway  
  93  7:02  Zealot  
  93  7:03  Gateway  
  93  7:06  Probe  
  93  7:16  Colossus (Chrono Boost), Probe  
  100  7:23  Probe x2  
  100  7:27  Pylon  
  102  7:37  Probe  
  102  7:39  Probe x2  
  105  7:44  Observer, Pylon  
  105  7:46  Phoenix  
  105  7:48  Pylon  
  105  7:52  Templar Archives  
  105  7:54  Gateway  
  105  7:56  Gateway  
  105  7:57  Gateway  
  105  7:59  Gateway  
  105  8:02  Disruptor (Chrono Boost), Photon Cannon  
  105  8:05  Photon Cannon  
  108  8:18  Photon Cannon  
  108  8:20  Pylon  
  108  8:23  Zealot x3  
  114  8:30  Disruptor (Chrono Boost)  
  114  8:31  Zealot  
  114  8:32  Zealot  
  121  8:39  Photon Cannon  
  121  8:40  Protoss Ground Armor Level 1 (Chrono Boost)  
  121  8:41  Shield Battery  
  121  8:42  Photon Cannon  
  121  8:46  Zealot x2  
  125  8:49  High Templar  
  125  8:50  High Templar  
  125  8:53  Archon  
  125  8:54  Zealot x5  
  133  9:16  Pylon  
  129  9:17  Pylon  
  129  9:18  Zealot x2  
  129  9:23  High Templar  
  119  9:24  Zealot, High Templar  
  119  9:25  Zealot x4  
  119  9:28  Archon  
  119  9:29  Phoenix  
  133  9:37  Immortal (Chrono Boost)  
  131  9:39  Zealot x2  
  131  9:44  Gateway  
  133  9:47  Photon Cannon  
  133  9:49  Pylon  
  131  9:55  Zealot x4  
  109  10:03  Zealot x2  
  109  10:04  Zealot x3  
  77  10:16  Zealot x3  
  71  10:23  Zealot  
  71  10:25  Observer  
  71  10:28  Zealot x2  
  75  10:32  Zealot  
  75  10:35  High Templar x2  
  77  10:39  Archon, High Templar  
  77  10:40  High Templar  
  77  10:42  Zealot  
  85  10:44  Archon  
  85  10:47  Zealot  
  85  10:49  Sentry  
  89  10:51  Sentry  
  91  10:59  Zealot  
  88  11:09  Zealot x2  
  88  11:14  Stalker x2  
  91  11:20  Phoenix  
  91  11:30  Zealot  
  91  11:31  Zealot x2  
  97  11:35  Probe x2  
  95  11:45  Probe  
  96  11:47  Probe x2  
  96  11:52  Zealot x2  
  100  11:59  Zealot, Sentry  
  104  12:06  Stalker x2  
  102  12:10  Zealot  
  96  12:16  Zealot  
  74  12:26  Zealot  
  74  12:28  Zealot  
  55  12:32  Zealot x2  
Show
View Real Time Build Order
Export as new Build Order

HeroMarine Terran - Winner!

Build Orders:  

Get SALT Encoding   

  12  0:00  SCV  
  13  0:12  SCV  
  14  0:17  Supply Depot  
  14  0:24  SCV  
  15  0:38  SCV  
  15  0:39  Barracks  
  16  0:43  Refinery  
  16  0:50  SCV  
  17  1:02  SCV  
  18  1:15  SCV  
  19  1:26  Marine  
  19  1:27  Orbital Command  
  20  1:39  Command Center  
  20  1:50  Factory  
  20  1:53  SCV  
  21  2:01  Refinery  
  21  2:02  Barracks Reactor  
  21  2:05  SCV  
  22  2:10  Supply Depot  
  22  2:17  SCV  
  23  2:32  SCV  
  23  2:35  Starport  
  24  2:43  Hellion x2  
  28  2:44  SCV  
  28  2:46  Marine  
  30  2:56  SCV  
  31  3:04  Widow Mine x2, Marine  
  36  3:08  SCV  
  36  3:10  Orbital Command  
  37  3:13  Medivac  
  39  3:20  SCV  
  39  3:25  Widow Mine x2  
  44  3:28  Supply Depot  
  44  3:32  SCV  
  45  3:36  SCV  
  46  3:45  Starport Tech Lab  
  46  3:50  Supply Depot, SCV x2  
  46  3:52  Marine x2  
  46  3:53  Factory Tech Lab  
  46  3:55  Refinery  
  50  4:02  SCV x2  
  52  4:06  Raven  
  52  4:07  Bunker  
  54  4:10  Supply Depot  
  54  4:14  SCV x2  
  56  4:18  Marine x2  
  56  4:26  SCV x2  
  57  4:34  Cyclone  
  57  4:36  Barracks, Marine x2  
  57  4:38  SCV  
  57  4:40  SCV  
  57  4:45  Barracks  
  57  4:50  Engineering Bay  
  57  4:51  SCV  
  57  4:52  SCV  
  57  4:54  Marine x2  
  57  4:58  Viking  
  61  5:03  SCV  
  61  5:04  SCV  
  63  5:12  Marine x2  
  63  5:14  Supply Depot  
  65  5:16  Terran Infantry Weapons Level 1  
  65  5:17  SCV x2  
  67  5:29  Refinery, Stimpack, SCV x2  
  69  5:36  Missile Turret  
  69  5:38  Starport Reactor  
  69  5:39  Marauder, Marine x2  
  69  5:40  Factory Tech Lab  
  69  5:41  SCV x2, Combat Shield  
  69  5:42  Marauder  
  77  5:47  Supply Depot  
  76  6:03  Supply Depot x2  
  77  6:06  Marauder, Marine  
  77  6:08  Marine  
  77  6:09  Marauder  
  81  6:14  Barracks  
  81  6:16  Barracks, Medivac x2  
  82  6:19  Starport  
  82  6:20  SCV  
  82  6:25  SCV  
  81  6:26  Marine x2  
  81  6:27  Marine  
  81  6:29  Factory Reactor  
  83  6:34  Marauder  
  87  6:44  Marine x2  
  87  6:46  Viking x2, Marauder  
  93  6:55  Marauder  
  93  7:01  Marine  
  96  7:02  Marine  
  96  7:07  Marauder  
  99  7:09  Barracks Tech Lab  
  97  7:16  Viking x2  
  97  7:17  Marauder  
  97  7:18  Viking x2  
  107  7:25  Supply Depot x2  
  107  7:39  Marauder x2  
  107  7:41  Marauder, Marine  
  110  7:46  Viking x2, Marine  
  110  7:48  Viking x2  
  121  8:00  Marauder x2  
  125  8:07  Supply Depot  
  125  8:16  Viking x2  
  125  8:19  Marine  
  132  8:20  Marine  
  132  8:21  Viking x2  
  132  8:22  Marine  
  134  8:29  Marauder x2  
  134  8:30  Supply Depot  
  134  8:33  Marauder  
  140  8:46  Viking  
  142  8:52  Viking x2  
  142  8:53  Supply Depot, Viking  
  142  8:54  Marauder  
  150  9:07  Marauder x3  
  150  9:14  Marine x2  
  146  9:17  Medivac  
  146  9:18  Marauder  
  146  9:22  Medivac  
  142  9:24  Concussive Shells  
  142  9:27  Marine  
  142  9:28  Marauder x2  
  144  9:32  Marine x2  
  143  9:39  Marine  
  141  9:45  Marine  
  141  9:49  Marine x2  
  134  10:01  Marauder  
  134  10:03  Marine x2  
  134  10:04  Marauder  
  120  10:07  Marauder, Marine  
  120  10:08  Liberator  
  120  10:14  SCV x2, Medivac  
  108  10:21  Marine  
  105  10:24  Marauder, Marine  
  105  10:25  Marauder, Marine  
  105  10:28  Marine  
  104  10:38  Marine  
  104  10:42  Marine  
  106  10:43  Marauder  
  106  10:45  Medivac, Marauder  
  106  10:46  Marauder  
  114  10:50  Marine  
  114  10:56  Marine  
  116  10:59  Marine  
  116  11:02  Medivac  
  119  11:04  Marine  
  119  11:06  Marine  
  119  11:07  Marine  
  119  11:08  Marauder  
  124  11:14  Marine  
  124  11:17  Marine  
  126  11:20  Medivac  
  126  11:22  Marauder  
  126  11:24  Marauder  
  131  11:26  Medivac, Marauder  
  131  11:29  Marauder  
  131  11:32  Marine  
  138  11:35  Marine  
  137  11:43  Orbital Command  
  137  11:44  Marauder  
  137  11:46  Marauder  
  141  11:47  Marauder  
  141  11:50  Marine x2  
  141  11:53  Marine  
  149  12:05  Marauder  
  149  12:07  Marine x2  
  149  12:08  Marine x2  
  152  12:11  Marine  
Tags
 
Add a new tag
Caveats
  • Supply blocks, unpowered buildings, or Contaminate may cause inaccurate times.
  • Supply counts are checked every 10 seconds.